 Dungeon Crawl Stone Soup version 0.17-a0-1716-gdf19ebb (console) character file.

23745 Monkaria the Unseen (level 12, -1/91 HPs)
             Began as a Felid Berserker on Aug 24, 2015.
             Was a High Priest of Trog.
             Slain by a five-headed hydra (13 damage)
             ... on level 7 of the Lair of Beasts.
             The game lasted 00:58:00 (19027 turns).

Monkaria the Unseen (Felid Berserker)              Turns: 19027, Time: 00:58:00

Health: -1/91      AC:  3    Str: 21    XL:     12   Next: 74%
Magic:  18/18      EV: 31    Int: 11    God:    Trog [*****.]
Gold:   1187       SH:  0    Dex: 17    Spells: 0 memorised, 11 levels left
                                        Lives:  0   Deaths: 4

rFire  . . .     SeeInvis +       - Unarmed
rCold  + . .     Clarity  .     (armour unavailable)
rNeg   . . .     SustAt   .     (shield unavailable)
rPois  .         Gourm    .     (helmet unavailable)
rElec  +         Spirit   .     (cloak unavailable)
rCorr  .         Warding  .     (gloves unavailable)
rMut   .         Stasis   .     (boots unavailable)
MR     +++..                    i - amulet of regeneration
Stlth  ..........               w - ring of stealth
                                S - ring of invisibility

@: berserking, regenerating, very quick, extremely resistant to hostile
enchantments, extremely unstealthy
A: no armour, no weapons or thrown items, claws 1, fangs 3, see invisible,
carnivore 3, clever 1, speed 1, shaggy fur 3, electricity resistance, slow
metabolism 1, MP-powered wands, sharp paws
a: Burn Spellbooks, Berserk, Trog's Hand, Brothers in Arms, Renounce Religion,
Evoke Invisibility


You were on level 7 of the Lair of Beasts.
You worshipped Trog.
Trog was extremely pleased with you.
You were very full.

You visited 3 branches of the dungeon, and saw 19 of its levels.
You also visited: Labyrinth, Bailey and Volcano.

You collected 1551 gold pieces.
You spent 364 gold pieces at shops.

Inventory:

Jewellery
 i - an amulet of regeneration (around neck)
 r - an uncursed ring of ice
 w - a ring of stealth (right paw)
 F - an uncursed ring of flight
 S - a ring of invisibility (left paw)
 U - an uncursed ring of wizardry
Magical devices
 f - a wand of draining (7)
 h - a wand of magic darts (29)
 n - a wand of lightning (10)
 o - a wand of teleportation (4)
 t - a wand of confusion (8)
 u - a wand of invisibility (2)
 y - a wand of lightning (5)
 D - a wand of frost (22)
 E - a wand of paralysis (0)
 J - a wand of disintegration (13)
 K - a wand of hasting (3)
 L - a wand of teleportation (3)
 Q - a wand of paralysis (13)
Scrolls
 d - a scroll of magic mapping {unknown}
 m - 7 scrolls of teleportation
 p - 4 scrolls of fog
 s - 8 scrolls of remove curse
 z - a scroll of recharging
 C - a scroll of summoning
 N - a scroll of noise {unknown}
 O - a scroll of fear
 P - a scroll of blinking
 W - a scroll of silence {unknown}
Potions
 b - 6 potions of curing
 c - 4 potions of resistance
 e - 2 potions of brilliance
 j - a potion of lignification
 k - 6 potions of agility
 l - a potion of invisibility
 q - 5 potions of flight
 v - a potion of heal wounds
 x - 2 potions of might {unknown}
 A - 5 potions of berserk rage
 B - a potion of experience {unknown}
Books
 g - an Akashic Record

   Spells                             Type                      Level
   a - Dispersal                      Translocation                6
   b - Controlled Blink               Translocation                7
   c - Malign Gateway                 Summoning/Translocation      7
   d - Disjunction                    Translocation                8
   Trog disapproves of the use of such an item.
 G - a book of Power

   Spells                             Type                      Level
   a - Fulminant Prism                Conjuration/Hexes            4
   b - Iskenderun's Mystic Blast      Conjuration                  4
   c - Venom Bolt                     Conjuration/Poison           5
   d - Bolt of Magma                  Conjuration/Fire/Earth       5
   e - Iron Shot                      Conjuration/Earth            6
   f - Orb of Destruction             Conjuration                  7
   g - Spellforged Servitor           Conjuration/Summoning        7
   Trog disapproves of the use of such an item.
 R - a book of the Tempests

   Spells                             Type                      Level
   a - Static Discharge               Conjuration/Air              3
   b - Lightning Bolt                 Conjuration/Air              5
   c - Fireball                       Conjuration/Fire             5
   d - Tornado                        Air                          9
   e - Shatter                        Earth                        9
   Trog disapproves of the use of such an item.
 X - a book of Ice

   Spells                             Type                      Level
   a - Ice Form                       Ice/Transmutation            4
   b - Metabolic Englaciation         Hexes/Ice                    5
   c - Ozocubu's Refrigeration        Ice                          6
   d - Bolt of Cold                   Conjuration/Ice              6
   e - Freezing Cloud                 Conjuration/Ice/Air          6
   f - Simulacrum                     Ice/Necromancy               6
   Trog disapproves of the use of such an item.
 Y - a book of Callings

   Spells                             Type                      Level
   a - Summon Small Mammal            Summoning                    1
   b - Call Imp                       Summoning                    2
   c - Call Canine Familiar           Summoning                    3
   d - Summon Guardian Golem          Hexes/Summoning              3
   e - Summon Lightning Spire         Summoning/Air                4
   f - Summon Ice Beast               Ice/Summoning                4
   Trog disapproves of the use of such an item.
Miscellaneous
 H - a plain deck of wonders
 I - a phial of floods
 M - a box of beasts
Comestibles
 a - 9 meat rations
 T - a beef jerky
 V - a royal jelly


   Skills:
 + Level 12.6 Fighting
 - Level 15.0 Dodging
 - Level 19.0 Stealth
 - Level 10.1 Unarmed Combat
 - Level 7.0 Evocations


You had 11 spell levels left.
You didn't know any spells.

Dungeon Overview and Level Annotations

Branches:
Dungeon (11/15)            Temple (1/1) D:7            Lair (7/8) D:8
 Shoals (0/4) Lair:3        Snake (0/4) Lair:6        Slime (0/6) Lair:6
    Orc (0/4) D:11

Altars:
Ashenzari
Cheibriados
Dithmenos
Elyvilon
Fedhas
Gozag
Kikubaaqudgha
Makhleb
Nemelex Xobeh
Okawaru
Qazlal
Ru
Sif Muna
Trog
Vehumet
Xom
Yredelemnul
Zin
The Shining One
Lugonu

Shops:
D:11 ?([

Annotations:
D:6 Edwards80's ghost, experienced HOGl


Innate Abilities, Weirdness & Mutations

You cannot wear armour.
You are incapable of wielding weapons or throwing items.
You have sharp claws.
You have razor-sharp teeth.
You have supernaturally acute eyesight.
You are carnivorous and can eat meat at any time.
You cover ground quickly.
Your thick and shaggy fur keeps you warm (AC +3, rC+).
You have a slow metabolism.
Your sharp claws are effective at attacking unaware monsters.
Your mind is acute. (Int +2)
You are resistant to electric shocks.
You expend magic power (3 MP) to strengthen your wands.


Message History

The five-headed hydra is lightly wounded.
The five-headed hydra closely misses you.
The five-headed hydra bites you!
* * * LOW HITPOINT WARNING * * *
The five-headed hydra bites you!
* * * LOW HITPOINT WARNING * * *
The five-headed hydra misses you.
The five-headed hydra completely misses you.
You claw the five-headed hydra!
The five-headed hydra is moderately wounded.
Your iron troll is struck by the porcupine's spines.
Your iron troll bites the porcupine!!!
The porcupine dies!
Trog accepts your kill.
Unknown command.
You scratch the five-headed hydra.
The five-headed hydra is moderately wounded.
The five-headed hydra closely misses you.
The five-headed hydra bites you!
You die...

#.###.####
##....#.#.##
...........#
...........#
.P........P#
....%............#
......P≈.....†....#
.......≈.≈.≈..#D'T#
......≈≈≈≈≈≈≈.≈.@##
...#.≈≈≈≈≈≈≈≈≈....#
..%..≈≈≈≈≈≈≈≈≈..$P##
+.#.≈≈≈≈.≈.≈≈≈..P..##
.....≈≈≈.<.≈≈≈≈P..+.#
....≈≈≈≈≈..≈≈≈......#
.....≈≈≈≈≈≈≈≈≈≈.....##
......≈≈≈≈≈≈≈≈.......#
....P≈≈≈≈≈≈≈≈........#


You could see a five-headed hydra and a friendly iron troll (berserk).

Vanquished Creatures
  Maud (D:11)
  Snorg (D:11)
  A minotaur (Lab)
  Harold (Lair:4)
  9 hydras
  A death yak (Lair:6)
  Urug (D:11)
  Nergalle (Lair:1)
  3 hill giants
  3 orc knights
  A black mamba (Lair:1)
  2 ugly things (D:11)
  3 elephants (Lair:6)
  A cyclops (D:11)
  An eye of devastation (Lair:6)
  11 spiny frogs
  A torpor snail (Lair:3)
  A gargoyle (D:11)
  A siren (Lair:3)
  2 centaur skeletons
  7 komodo dragons
  5 yaktaurs (D:11)
  2 fire drakes
  A tengu conjurer (D:11)
  A troll (D:11)
  3 two-headed ogres
  A slime creature (D:11)
  19 blink frogs
  2 wyverns
  A wraith (D:11)
  15 yaks
  Eustachio (D:5)
  2 basilisks
  5 hippogriffs
  A mottled dragon (D:11)
  4 hungry ghosts
  A vampire mosquito (D:11)
  A human (D:8)
  15 wolves
  A soldier ant (D:10)
  11 porcupines
  2 sky beasts
  3 black bears
  4 water moccasins
  22 orc warriors
  4 necrophages
  An eye of draining (Lair:6)
  4 ogres
  6 ice beasts
  6 centaurs
  4 phantoms
  13 crocodiles
  25 giant frogs
  2 big kobolds
  A gnoll sergeant (D:11)
  4 scorpions
  A water moccasin skeleton (D:4)
  A water moccasin zombie (D:5)
  8 wights
  12 killer bees
  3 crimson imps
  A giant frog zombie (D:10)
  4 lava snakes (Lab)
  3 hounds
  2 orc priests (D:7)
  2 quasits (D:11)
  A centaur zombie (D:8)
  6 jellies
  A giant frog skeleton (D:6)
  Jessica (D:2)
  Terence (D:3)
  10 iguanas
  12 orc wizards
  7 worker ants
  18 sheep
  2 killer bee zombies
  2 hound zombies
  20 gnolls
  62 river rats
  A worker ant zombie (D:11)
  18 adders
  3 shadow imps
  An ooze (D:1)
  An adder zombie (D:9)
  2 worms (D:2)
  An adder skeleton (D:9)
  51 orcs
  5 hobgoblins
  4 jackals (D:4)
  15 kobolds
  5 quokkas
  4 bats
  6 giant cockroaches
  3 giant geckos
  A giant gecko skeleton (D:6)
  3 giant newts (D:1)
  8 goblins
  A quokka skeleton (D:5)
  8 rats
  A bush (Lair:3)
568 creatures vanquished.

Vanquished Creatures (collateral kills)
  A catoblepas (Lair:7)
  2 hydras
  The ghost of Illaniel the Archer, a powerful HEHu of Fedhas (Lair:2)
  A hill giant (D:11)
  3 elephants (Lair:6)
  A troll (D:11)
  A yak (Lair:7)
  A porcupine (Lair:7)
  An orc wizard (D:11)
  An iguana (Lair:4)
  A river rat (Lair:2)
  An orc (D:11)
15 creatures vanquished.

Vanquished Creatures (others)
  3 fungi
  13 plants
16 creatures vanquished.

Grand Total: 599 creatures vanquished

Notes
Turn   | Place    | Note
--------------------------------------------------------------
     0 | D:1      | Monkaria the Felid Berserker began the quest for the Orb.
     0 | D:1      | Reached XP level 1. HP: 10/10 MP: 2/2
   411 | D:1      | Reached XP level 2. HP: 14/14 MP: 3/3
   804 | D:2      | Noticed Jessica
   809 | D:2      | Killed Jessica
   809 | D:2      | Acquired Trog's second power
   809 | D:2      | Reached XP level 3. HP: 7/17 MP: 4/4
   854 | D:2      | Reached XP level 4. HP: 17/21 MP: 5/5
   901 | D:2      | Reached skill level 5 in Unarmed Combat
  1466 | D:2      | Reached skill level 5 in Dodging
  1466 | D:2      | Reached XP level 5. HP: 10/24 MP: 6/6
  1582 | D:3      | Noticed Terence
  1599 | D:3      | Mangled by Terence
  1600 | D:3      | Reached XP level 4. HP: -10/21 MP: 5/5
  1663 | D:3      | Found a faded altar to an unknown god.
  1674 | D:3      | Reached skill level 6 in Dodging
  1974 | D:3      | Found an ancient bone altar of Kikubaaqudgha.
  2046 | D:3      | Noticed a phantom
  2061 | D:3      | Killed a phantom
  2061 | D:3      | Reached XP level 5. HP: 24/24 MP: 6/6
  2168 | D:3      | Reached skill level 7 in Dodging
  2567 | D:3      | Killed Terence
  2632 | D:4      | Noticed a phantom
  2647 | D:4      | Killed a phantom
  2647 | D:4      | Reached skill level 8 in Dodging
  2647 | D:4      | Gained mutation: You are covered in thick fur (AC +2). [Felid growth]
  2647 | D:4      | Reached XP level 6. HP: 28/28 MP: 7/7
  3121 | D:4      | Reached skill level 9 in Dodging
  3382 | D:5      | Entered Level 5 of the Dungeon
  3424 | D:5      | Reached XP level 7. HP: 31/31 MP: 8/8
  3425 | D:5      | Found a sparkling altar of Nemelex Xobeh.
  3469 | D:5      | Reached skill level 10 in Dodging
  3667 | D:5      | Reached skill level 5 in Stealth
  3680 | D:5      | Reached XP level 8. HP: 23/34 MP: 9/9
  3778 | D:5      | Noticed Eustachio
  3829 | D:5      | Killed Eustachio
  4069 | D:5      | Found a blossoming altar of Fedhas.
  4329 | D:6      | Noticed Edwards80's ghost (experienced HOGl)
  4341 | D:5      | Reached skill level 10 in Stealth
  4465 | D:6      | Reached skill level 11 in Stealth
  4658 | D:6      | Reached XP level 9. HP: 37/37 MP: 10/10
  4712 | D:6      | Reached skill level 12 in Stealth
  5134 | D:7      | Reached skill level 13 in Stealth
  5194 | D:7      | Found a staircase to the Ecumenical Temple.
  5243 | D:7      | Found a stormy altar of Qazlal.
  5243 | D:7      | Found a snail-covered altar of Cheibriados.
  5428 | D:7      | Reached skill level 14 in Stealth
  5473 | D:7      | Found a radiant altar of Vehumet.
  5531 | D:7      | Found a basalt altar of Yredelemnul.
  5594 | D:7      | Found a flagged portal.
  5626 | Bailey   | Entered a bailey
  5677 | Bailey   | Acquired Trog's third power
  5686 | Bailey   | Reached skill level 1 in Evocations
  5853 | Bailey   | Shot with a bolt by an orc warrior
  5854 | Bailey   | Reached XP level 8. HP: -6/34 MP: 11/11
  5927 | Bailey   | Reached XP level 9. HP: 37/37 MP: 13/13
  6162 | Bailey   | Noticed an orc knight
  6164 | Bailey   | Reached skill level 5 in Evocations
  6169 | Bailey   | Killed an orc knight
  6440 | Temple   | Entered the Ecumenical Temple
  6541 | D:8      | Gained mutation: You tend to lose your temper in combat. [mutagenic meat]
  6542 | D:8      | Gained mutation: You are resistant to electric shocks. [mutagenic meat]
  6543 | D:8      | Gained mutation: Your muscles are strong. (Str +2) [mutagenic meat]
  6544 | D:8      | Gained mutation: You often lose your temper in combat. [mutagenic meat]
  6545 | D:8      | Gained mutation: You have an uncontrollable temper. [mutagenic meat]
  6546 | D:8      | Lost mutation: Your muscles are strong. (Str +2) [mutagenic meat]
  6654 | D:8      | Reached skill level 15 in Stealth
  6744 | D:8      | Found an opulent altar of Gozag.
  7112 | D:8      | Paralysed by an orc warrior for 4 turns
  7127 | D:8      | Reached XP level 10. HP: 33/42 MP: 16/16
  7171 | D:8      | Found a bloodstained altar of Trog.
  7172 | D:8      | Noticed a komodo dragon
  7189 | D:8      | Killed a komodo dragon
  7273 | D:8      | Found a staircase to the Lair.
  7305 | D:8      | Reached skill level 16 in Stealth
  7909 | D:9      | Found a deep blue altar of Sif Muna.
  8087 | D:9      | Reached skill level 17 in Stealth
  8128 | D:9      | Found a sacrificial altar of Ru.
  8128 | D:9      | Found a shadowy altar of Dithmenos.
  8176 | D:9      | Found a shattered altar of Ashenzari.
  8543 | D:10     | Entered Level 10 of the Dungeon
  8589 | D:10     | Noticed a hill giant
  8608 | D:10     | Killed a hill giant
  8787 | D:10     | Reached skill level 5 in Fighting
  8872 | D:10     | You fall through a shaft!
  8887 | D:11     | Noticed a six-headed hydra
  8887 | D:11     | Noticed a cyclops
  8908 | D:11     | Found Ciygis's Weapon Boutique.
  8908 | D:11     | Found a staircase to the Orcish Mines.
  8908 | D:11     | Found Menex's Armour Boutique.
  8909 | D:11     | Noticed an orc knight
  8912 | D:11     | Killed an orc knight
  8912 | D:11     | Reached XP level 11. HP: 40/48 MP: 17/17
  8923 | D:11     | Found Tymakor's Magic Scroll Emporium.
  8967 | D:11     | Noticed a hill giant
  8970 | D:11     | Noticed a white ugly thing
  9234 | D:11     | Bought a scroll of recharging for 133 gold pieces
  9234 | D:11     | Bought a scroll of teleportation for 42 gold pieces
  9234 | D:11     | Bought a scroll of blinking for 105 gold pieces
  9234 | D:11     | Bought a scroll of identify for 28 gold pieces
  9234 | D:11     | Bought a scroll of identify for 28 gold pieces
  9234 | D:11     | Bought a scroll of fog for 28 gold pieces
  9310 | D:11     | Noticed a hill giant
  9339 | D:11     | Killed a hill giant
  9370 | D:11     | Noticed Urug
  9466 | D:11     | Noticed Maud
  9489 | D:11     | Killed Maud
  9533 | D:11     | Found a radiant altar of Vehumet.
  9662 | D:11     | Noticed Snorg
  9671 | D:11     | Killed Snorg
  9671 | D:11     | Reached skill level 10 in Fighting
  9768 | D:11     | Noticed an eight-headed hydra
  9806 | D:11     | Killed a hill giant
  9822 | D:11     | Killed a six-headed hydra
  9921 | D:11     | Killed a cyclops
 10248 | D:11     | Noticed a brown ugly thing
 10359 | D:11     | Gained mutation: Your thick and shaggy fur keeps you warm (AC +3, rC+). [Felid growth]
 10359 | D:11     | Reached XP level 12. HP: 58/58 MP: 18/18
 10368 | D:11     | Gained mutation: You are partially covered in yellow scales (AC +2). [mutagenic meat]
 10369 | D:11     | Gained mutation: Your mind is acute. (Int +2) [mutagenic meat]
 10370 | D:11     | Gained mutation: Potions and wands are less effective at restoring your health. [mutagenic meat]
 10409 | D:11     | Killed an eight-headed hydra
 10475 | D:11     | Killed a white ugly thing
 10484 | D:11     | Killed a brown ugly thing
 10485 | D:11     | Noticed an eight-headed hydra
 10487 | D:11     | Killed an eight-headed hydra
 10512 | D:11     | Lost mutation: Potions and wands are less effective at restoring your health. [mutagenic meat]
 10513 | D:11     | Gained mutation: You expend magic power (3 MP) to strengthen your wands. [mutagenic meat]
 10540 | D:11     | Killed Urug
 10828 | D:11     | Found a shadowy altar of Dithmenos.
 11264 | D:10     | Reached skill level 10 in Unarmed Combat
 11480 | Lair:1   | Entered Level 1 of the Lair of Beasts
 11510 | Lair:1   | Gained mutation: You are frail (-10% HP). [potion of mutation]
 11510 | Lair:1   | Gained mutation: You are clumsy. (Dex -2) [potion of mutation]
 11512 | Lair:1   | Lost mutation: You have an uncontrollable temper. [potion of cure mutation]
 11512 | Lair:1   | Lost mutation: You are clumsy. (Dex -2) [potion of cure mutation]
 11512 | Lair:1   | Lost mutation: You are partially covered in yellow scales (AC +2). [potion of cure mutation]
 11512 | Lair:1   | Lost mutation: You often lose your temper in combat. [potion of cure mutation]
 11512 | Lair:1   | Lost mutation: You are frail (-10% HP). [potion of cure mutation]
 11512 | Lair:1   | Lost mutation: You tend to lose your temper in combat. [potion of cure mutation]
 11819 | Lair:1   | HP: 1/58 [komodo dragon (28)]
 12232 | Lair:1   | Noticed Nergalle
 12243 | Lair:1   | Killed Nergalle
 12818 | Lair:2   | Found a labyrinth entrance.
 12832 | Lab      | Entered a labyrinth
 13190 | Lab      | Noticed a minotaur
 13203 | Lab      | Killed a minotaur
 13237 | Lair:2   | Noticed a five-headed hydra
 13247 | Lair:2   | Noticed Illaniel's ghost (powerful HEHu)
 13294 | Lair:2   | Killed a five-headed hydra
 13316 | Lair:2   | Killed Illaniel's ghost
 13465 | Lair:2   | Noticed a five-headed hydra
 13472 | Lair:2   | Killed a five-headed hydra
 13480 | Lair:2   | Reached XP level 13. HP: 55/61 MP: 19/19
 14344 | Lair:3   | Reached skill level 18 in Stealth
 14827 | Lair:3   | Found a staircase to the Shoals.
 15784 | Lair:4   | Reached skill level 19 in Stealth
 15877 | Lair:4   | Noticed Harold
 15887 | Lair:4   | Killed Harold
 15923 | Lair:4   | Slain by a six-headed hydra
 15924 | Lair:4   | Reached XP level 12. HP: -3/58 MP: 15/18
 16887 | Lair:5   | Noticed an eight-headed hydra
 16899 | Lair:5   | Killed an eight-headed hydra
 17247 | Lair:5   | Reached skill level 15 in Dodging
 17360 | Lair:6   | Found a staircase to the Snake Pit.
 17535 | Lair:6   | Killed from afar by a fire drake
 17536 | Lair:6   | Reached XP level 11. HP: -7/55 MP: 17/17
 17728 | Lair:6   | Reached XP level 12. HP: 55/60 MP: 18/18
 18184 | Lair:6   | Found a staircase to the Slime Pits.
 18508 | Lair:7   | Noticed a catoblepas
 18537 | Lair:7   | Noticed a four-headed hydra
 18553 | Lair:7   | Noticed a five-headed hydra
 18558 | Lair:7   | Killed a five-headed hydra
 18716 | Lair:7   | Killed a catoblepas
 18787 | Lair:7   | Found a dark tunnel.
 18803 | Volcano  | Entered a volcano
 19019 | Lair:7   | Noticed a five-headed hydra
 19020 | Lair:7   | Killed a four-headed hydra
 19027 | Lair:7   | Slain by a five-headed hydra

Vault maps used:
D:1:      minmay_arrival_open_corners, minmay_misc_feat_nine_boxes
D:2:      grunt_ministairs_2, serial_bayou_pond_e, item_on_display_a,
          uniq_jessica
D:3:      lemuel_round_altar, serial_co_window_serial, co_window_corner_a,
          co_window_corner_a, co_window_of_opportunity_a, co_window_paths_b,
          co_window_corner_a, co_window_paths_c, co_window_unsneaky_path_b,
          co_window_paths_c, co_window_broadway_c, co_window_paths_e,
          glass_columns_b, glass_columns_a, glass_columns_a, ecumenical_altar_1,
          first_bread, uniq_terence
D:5:      lemuel_ice_spiral_2, kennysheep_little_box, nemelex_deck,
          uniq_eustachio
D:6:      st_stairs_12
D:7:      vehumet_crystals, grunt_temple_overflow_open,
          yredelemnul_altar_generic, minmay_temple_entry_glass, enter_bailey_2,
          serial_glass, glass_columns_b, glass_columns_a, item_on_display_b,
          minmay_strange_pillars
D:8:      old_standard_altar, nicolae_overflow_crystal_walls,
          david_lair_shrubbed, grunt_livestock,
          eino_small_chamber_without_monster
D:9:      overflow_temple_1_default, led_sif_book,
          gammafunk_temple_overflow_elements
D:11:     hangedman_cross_cluster, orc_david_3, basic_altar, serial_shops, shop,
          grunt_dithmenos_smoke_and_mirrors, uniq_urug, uniq_maud, uniq_snorg
Temple:   corrupted_temple
Lair:1:   grunt_megastairs_2, uniq_nergalle
Lair:2:   lab_entry_generic, beast_lair_carwin_7
Lair:3:   minmay_shoals_entry_lonely_mermaid, wad_woods_06, st_stairs_4
Lair:4:   lemuel_fruit_fields, lemuel_fruit_fields, uniq_harold
Lair:6:   dummy_snake_entry, minmay_slime_entry_eyes,
          nicolae_lair_grove_arrangements, beast_lair_carwin_8
Lair:7:   enter_volcano_1, infiniplex_staircase_pool_2
Lab:      labyrinth_skeletal_remains, labyrinth_lava_lair
Bailey:   bailey_polearm_2, bailey
Volcano:  volcano_pools

Action                   |  1- 3 |  4- 6 |  7- 9 | 10-12 | 13-15 || total
-------------------------+-------+-------+-------+-------+-------++-------
Melee: Unarmed           |    64 |   177 |   357 |   940 |   210 ||  1748
Invok: Berserk           |     1 |     8 |    13 |    29 |     5 ||    56
       Trog's Hand       |     1 |     2 |     9 |    28 |     7 ||    47
       Brothers in Arms  |       |       |       |     7 |     1 ||     8
 Abil: Evoke Flight      |       |       |       |     1 |       ||     1
Evoke: Wand              |       |       |    27 |    24 |     4 ||    55
  Use: Potion            |       |       |     2 |     4 |       ||     6
       Scroll            |       |       |    16 |    19 |       ||    35
 Stab: Sleeping          |     4 |     6 |    36 |    86 |    19 ||   151
       Distracted        |       |     1 |     5 |    10 |     1 ||    17
       Paralysed         |       |       |       |     8 |     1 ||     9
       Confused          |       |       |       |     3 |     2 ||     5
  Eat: Chunk             |     6 |    20 |    40 |    94 |    15 ||   175
       Pizza             |       |       |       |     2 |       ||     2
